 Dungeon Crawl Stone Soup version 0.22.0-60-ga52c2fc (webtiles) character file.

44 whitewolfNL the Firebug (level 3, -2/24 HPs)
             Began as a Human Fire Elementalist on Sept 9, 2018.
             Slain by an orc
             ... wielding a +0 hand axe
              (4 damage)
             ... on level 2 of the Dungeon.
             The game lasted 00:29:40 (2395 turns).

whitewolfNL the Firebug (Human Fire Elementalist)   Turns: 2395, Time: 00:29:41

Health: -2/24      AC:  2    Str:  8    XL:     3   Next: 85%
Magic:  3/6        EV: 12    Int: 16    God:
Gold:   71         SH:  0    Dex: 13    Spells: 2/6 levels left

rFire    + . .     SeeInvis .   b - +0 club
rCold    x . .     Gourm    .   (no shield)
rNeg     . . .     Faith    .   a - +0 robe
rPois    .         Spirit   .   (no helmet)
rElec    .         Reflect  .   (no cloak)
rCorr    .         Harm     .   (no gloves)
MR       .....                  (no boots)
Stlth    ++........             (no amulet)
HPRegen  0.08/turn              d - ring of fire
MPRegen  0.10/turn              e - ring of wizardry

@: no status effects
A: no striking features
a: no special abilities


You were on level 2 of the Dungeon.
You were not hungry.

You visited 1 branch of the dungeon, and saw 2 of its levels.

You collected 71 gold pieces.

Inventory:

Hand Weapons
 b - a +0 club (weapon)
 g - a +0 dagger
 h - a +0 club
 i - a +0 club
 k - a +0 whip
 n - a +0 club
 o - a +0 club
 q - a +0 club
 s - a +0 club
 u - a +0 club
Missiles
 l - 71 stones (quivered)
 m - 15 poisoned needles
Armour
 a - a +0 robe (worn)
 f - a +0 chain mail
 j - a +0 ring mail
 r - a +0 scale mail
Jewellery
 d - a ring of fire (left hand)
 e - a ring of wizardry (right hand)
Scrolls
 p - a scroll of identify {unknown}
 t - a scroll of fear {unknown}
Comestibles
 c - a ration


   Skills:
 + Level 0.2 Maces & Flails
 + Level 2.3 Dodging
 + Level 2.2 Stealth
 + Level 2.2 Spellcasting
 + Level 1.4 Conjurations
 + Level 3.7 Fire Magic


You had 2 spell levels left.
You knew the following spells:

 Your Spells              Type           Power        Failure   Level  Hunger
a - Flame Tongue          Conj/Fire      ###..        2%          1    #......
b - Conjure Flame         Conj/Fire      ###.....     9%          3    ###....

Your spell library contained the following spells:

 Spells                   Type           Power        Failure   Level  Hunger
 Throw Flame              Conj/Fire      ###...       4%          2    ###....
 Inner Flame              Hex/Fire       ##......     12%         3    ###....
 Sticky Flame             Conj/Fire      ###.....     26%         4    #####..
 Fireball                 Conj/Fire      ###.......   58%         5    ######.


Dungeon Overview and Level Annotations

Branches:
Dungeon (2/15)

Altars:


Message History

Aiming: Flame Tongue (safe; 2% risk of failure)
Press: ? - help, Shift-Dir - straight line, f/p - orc
Aim: an orc, wielding a hand axe and wearing a scale mail (almost dead)
You feel a surge of power!
The flame tongue hits the orc.
The orc appears unharmed.
The orc is almost dead.
An orc priest comes into view. It is wielding a club.
The orc hits you with a hand axe.
* * * LOW HITPOINT WARNING * * *
Casting: Flame Tongue (safe; 2% risk of failure)
Confirm with . or Enter, or press ? or * to list all spells.
Aiming: Flame Tongue (safe; 2% risk of failure)
Press: ? - help, Shift-Dir - straight line, f - adder, p - orc
Aim: an adder You feel a surge of power!
The flame tongue hits the adder.
The adder is heavily wounded.
The adder bites you.
* * * LOW HITPOINT WARNING * * *
The orc hits you with a hand axe.
You die...

#...........#
#.#####.....# .# #.#
#......# .# #.# #..##.##
##.# #.# #..##.# #)#.#
#.####..##.###.# .##
#....<........###..#####
...............#........
#####..######.%S@..#
##.#.......o..##
.#.#####.#### .# #o# ##
#.. #o.. .... .....
.o...


You could see an adder and 2 orcs.

Vanquished Creatures
  An ooze (D:1)
  2 dart slugs (D:1)
  2 leopard geckos (D:1)
  A ball python (D:1)
  A giant cockroach (D:2)
  5 goblins (D:1)
  4 hobgoblins (D:1)
  4 kobolds (D:1)
  5 bats (D:1)
  A frilled lizard (D:1)
  6 rats (D:1)
32 creatures vanquished.

Notes
Turn   | Place    | Note
-------+----------+-------------------------------------------
     0 | D:1      | whitewolfNL the Human Fire Elementalist began the quest for
                  | the Orb.
     0 | D:1      | Reached XP level 1. HP: 13/13 MP: 3/3
    83 | D:1      | Reached XP level 2. HP: 13/19 MP: 0/5
   815 | D:1      | Reached XP level 3. HP: 23/24 MP: 3/6
  1038 | D:1      | Learned a level 3 spell: Conjure Flame
  2395 | D:2      | Slain by an orc

Action                   || total
-------------------------++-------
Melee: Unarmed           ||     3
       Club              ||     7
 Cast: Flame Tongue      ||    56
       Conjure Flame     ||     3
  Eat: Ration            ||     2
       Chunk             ||     1
Armor: Chain mail        ||     4
       Robe              ||    19
Dodge: Dodged            ||    42
